 Dungeon Crawl Stone Soup version 0.30.0-29-ga12c61a403 (webtiles) character file.

Game seed: 2543767389246052174

19702 seaoflcl the Cleaver (level 13, -2/94 HPs)
             Began as a Human Fighter on June 4, 2023.
             Was an Elder of the Shining One.
             Slain by a 12-headed hydra (12 damage)
             ... on level 5 of the Lair of Beasts.
             The game lasted 00:52:43 (12317 turns).

seaoflcl the Cleaver (Human Fighter)               Turns: 12317, Time: 00:52:43

Health: -2/94      AC: 18    Str: 22    XL:     13   Next: 6%
Magic:  11/13      EV:  7    Int:  8    God:    the Shining One [****..]
Gold:   623        SH: 23    Dex: 15    Spells: 12/12 levels left

rFire   . . .        o - +4 hand axe of Internal Strife {venom, rPois Dex+2}
rCold   . . .        m - +0 kite shield "Wydwuic" {rElec rCorr}
rNeg    + + .        i - +2 plate armour {Will+}
rPois   +            e - +0 helmet
rElec   +            q - +0 cloak
rCorr   +            l - +0 pair of gloves
SInv    .            (no boots)
Will    +....        M - amulet of reflection Stlth
                     p - ring of resist corrosion
HPRegen 0.35/turn    G - ring of poison resistance
MPRegen 0.13/turn

%: reflection
@: mighty, divinely shielded, hasted and slowed, glowing
A: no striking features
a: Renounce Religion, Divine Shield, Cleansing Flame


You were on level 5 of the Lair of Beasts.
You worshipped the Shining One.
The Shining One was greatly pleased with you.
You visited 3 branches of the dungeon, and saw 15 of its levels.
You also visited: Bailey.

You collected 899 gold pieces.
You spent 276 gold pieces at shops.

Inventory:

Hand Weapons
 a - a +0 long sword
 o - the +4 hand axe of Internal Strife (weapon) {venom, rPois Dex+2}
   (You found it on level 2 of the Dungeon)

   Dex:       It affects your dexterity (+2).
   rPois:     It protects you from poison.
 L - the +7 Throatcutter {drain, coup de grace}
   (You found it on level 6 of the Dungeon)

   The Shining One disapproves of the use of such an item.
 O - a +3 short sword
 P - the +11 quarterstaff of Heramill {venom, Will+ Str+4}
   (You found it on level 8 of the Dungeon)

   Str:       It affects your strength (+4).
   Will:      It increases your willpower.
 S - a +5 long sword
Missiles
 s - 7 javelins (quivered)
 Y - 4 curare-tipped darts
 Z - 3 poisoned darts
Armour
 b - a +3 plate armour
 e - a +0 helmet (worn)
 i - a +2 plate armour of willpower (worn)
 l - a +0 pair of gloves (worn)
 m - the +0 kite shield "Wydwuic" (worn) {rElec rCorr}
   (You found it on level 2 of the Dungeon)

   rElec:     It insulates you from electricity.
   rCorr:     It protects you from acid and corrosion.
 q - a +0 cloak (worn)
 J - an orb of wrath
Jewellery
 p - a ring of resist corrosion (left hand)
 y - a ring of positive energy
 B - an amulet of the acrobat
 F - a ring of wizardry
 G - a ring of poison resistance (right hand)
 M - an amulet of reflection (around neck)
Wands
 A - a wand of digging (3)
 E - a wand of quicksilver (3)
 N - a wand of paralysis (12)
Scrolls
 g - 3 scrolls of teleportation
 k - 2 scrolls of vulnerability
 n - 4 scrolls of enchant weapon
 r - 3 scrolls of fear
 t - 2 scrolls of poison {unknown}
 u - 4 scrolls of magic mapping
 x - 2 scrolls of butterflies
 z - 2 scrolls of amnesia {unknown}
 C - a scroll of torment {unknown}
 D - 4 scrolls of fog
 K - 2 scrolls of brand weapon {unknown}
 Q - a scroll of silence {unknown}
 T - a scroll of immolation {unknown}
Potions
 c - 2 potions of flight
 d - 3 potions of mutation
 f - 3 potions of brilliance
 v - 3 potions of ambrosia
 w - 6 potions of lignification
 I - a potion of berserk rage {unknown}
 R - 3 potions of heal wounds
 V - 4 potions of attraction {unknown}
 W - 2 potions of curing {unknown}
Miscellaneous
 X - a phantom mirror


   Skills:
 + Level 6.4 Fighting
 - Level 2.6 Long Blades
 + Level 14.5 Axes
 + Level 3.5 Throwing
 + Level 6.4 Armour
 - Level 4.5 Dodging
 + Level 11.1 Shields


You had 12 spell levels left.
You didn't know any spells.
Your spell library contained the following spells:

 Spells                   Type           Power      Damage    Failure   Level
 Magic Dart               Conj           0%         1d3       100%        1
 Sandblast                Erth           0%         2d4       100%        1
 Call Imp                 Summ           0%         N/A       100%        2
 Ensorcelled Hibernation  Hex/Ice        0%         N/A       100%        2
 Passwall                 Tmut/Erth      0%         N/A       100%        2
 Dazzling Flash           Conj/Hex       0%         N/A       100%        3
 Hailstorm                Conj/Ice       0%         3d3       100%        3
 Mephitic Cloud           Conj/Pois/Air  0%         N/A       100%        3
 Stone Arrow              Conj/Erth      0%         3d7       100%        3
 Swiftness                Air            0%         N/A       100%        3
 Volatile Blastmotes      Fire/Tloc      0%         2d10      100%        3
 Ice Form                 Ice/Tmut       0%         N/A       100%        4
 Iskenderun's Mystic Bla  Conj/Tloc      0%         2d3       100%        4
 Simulacrum               Ice/Necr       0%         N/A       100%        6
 Starburst                Conj/Fire      0%         6d3       100%        6


Dungeon Overview and Level Annotations

Branches:
Dungeon (10/15)            Temple (1/1) D:6            Lair (3/5) D:10
  Swamp (0/4) Lair:3          Orc (0/2) D:10         Bailey (visited)
  Snake: Lair:2-3    Spider: Lair:2-3

Altars:
Cheibriados
Dithmenos
Elyvilon
Gozag
Hepliaklqana
Kikubaaqudgha
Nemelex Xobeh
Okawaru
Qazlal
Ru
Trog
Uskayaw
Vehumet
Wu Jian
Xom
Yredelemnul
Zin
The Shining One

Shops:
D:3 [   D:4 *   D:9 ?:   D:10 [

Portals:
Abyss: D:4

Annotations:
D:4 2 transporters, Fractals's ghost, novice HuFi
Lair:2 exclusion: oklob plant


Message History

The nine-headed hydra bites you but does no damage. x3
The nine-headed hydra bites you.
You block the nine-headed hydra's attack.
The nine-headed hydra bites you but does no damage.
You slice one of the nine-headed hydra's heads off!
The eight-headed hydra grows two more!
You slash the ten-headed hydra!
The ten-headed hydra is lightly wounded.
You lop one of the ten-headed hydra's heads off!
The nine-headed hydra grows two more!
You slash the 11-headed hydra!
The 11-headed hydra is moderately wounded.
You block the 11-headed hydra's attack. The 11-headed hydra barely misses you.
The 11-headed hydra bites you but does no damage.
You block the 11-headed hydra's attack.
The 11-headed hydra bites you but does no damage.
You block the 11-headed hydra's attack.
The 11-headed hydra bites you but does no damage.
The 11-headed hydra bites you!
* * * LOW HITPOINT WARNING * * *
The 11-headed hydra barely misses you. You block the 11-headed hydra's attack.
The 11-headed hydra bites you but does no damage.
Unknown command.
You lop one of the 11-headed hydra's heads off!
The ten-headed hydra grows two more!
You slash the 12-headed hydra!
The 12-headed hydra is lightly wounded.
You block the 12-headed hydra's attack.
The 12-headed hydra completely misses you.
The 12-headed hydra bites you but does no damage. x3
You block the 12-headed hydra's attack. x2; The 12-headed hydra bites you.
* * * LOW HITPOINT WARNING * * *
The 12-headed hydra bites you but does no damage.
You block the 12-headed hydra's attack. The 12-headed hydra bites you!
* * * LOW HITPOINT WARNING * * *
The 12-headed hydra bites you.
* * * LOW HITPOINT WARNING * * *
The 12-headed hydra attacks as you move away!
The 12-headed hydra completely misses you.
You block the 12-headed hydra's attack. x2
The 12-headed hydra closely misses you. The 12-headed hydra barely misses you.
You block the 12-headed hydra's attack. The 12-headed hydra bites you!
You die...

#..P#P...#.#..##
#P..##....#...#
#P..##.##.#P..#
#..#.....#P..#
#rrrY........#
#wrF..r......#
#SYr#..##.#..#
##D###### ##...
#.@.# ##.## P.#
...# ##... #..#
...# #...


You could see a 12-headed hydra, a torpor snail, 2 yaks, a cane toad, a water
moccasin and 4 hell rats.

Vanquished Creatures
  3 two-headed ogres
  Nergalle (Lair:2)
  Pikel (D:7)
  2 black mambas
  4 cane toads
  Maggie (Lair:2)
  3 komodo dragons
  Grinder (D:4)
  A hornet (D:9)
  4 wyverns
  6 spriggans (Bailey)
  20 yaks
  2 wraiths
  A basilisk (Lair:2)
  2 steam dragons
  11 water moccasins
  9 orc warriors
  2 sky beasts
  3 black bears
  11 ogres
  8 wolves (Lair:2)
  5 centaurs
  3 lemures (D:7)
  2 phantoms
  9 kobold brigands
  A gnoll sergeant (D:6)
  8 bullfrogs
  2 scorpions
  24 wights
  7 killer bees
  3 howler monkeys
  An electric eel (Lair:3)
  5 hounds
  4 orc priests
  2 jellies
  4 iguanas
  17 orc wizards
  A sleepcap (D:6)
  8 gnolls
  9 adders
  3 shadow imps
  2 white imps
  An ufetubus (D:5)
  2 worms (D:2)
  3 dart slugs
  46 orcs
  11 ball pythons
  7 bats
  5 endoplasms
  5 giant cockroaches
  18 goblins
  9 hobgoblins
  4 jackals (D:1)
  A quokka (D:3)
  7 frilled lizards
  11 kobolds
  6 rats
352 creatures vanquished.

Vanquished Creatures (others)
  A howler monkey (D:8)
1 creature vanquished.

Grand Total: 353 creatures vanquished

Notes
Turn   | Place    | Note
-------+----------+-------------------------------------------
     0 | D:1      | seaoflcl the Human Fighter began the quest for the Orb.
     0 | D:1      | Reached XP level 1. HP: 18/18 MP: 1/1
    95 | D:1      | Reached XP level 2. HP: 17/24 MP: 2/2
   218 | D:1      | Reached XP level 3. HP: 29/29 MP: 3/3
   605 | D:2      | Identified the +0 kite shield "Wydwuic" {rElec rCorr}
   612 | D:2      | Reached XP level 4. HP: 35/35 MP: 4/4
   728 | D:2      | Found a glowing golden altar of the Shining One.
   748 | D:2      | Became a worshipper of the Shining One
   801 | D:2      | Identified the +4 hand axe of Internal Strife {venom, rPois
                  | Dex+2}
  1311 | D:3      | Reached skill level 1 in Axes
  1315 | D:3      | Noticed an ogre
  1329 | D:3      | Reached XP level 5. HP: 41/41 MP: 5/5
  1331 | D:3      | Killed an ogre
  1332 | D:3      | Reached skill level 2 in Axes
  1533 | D:3      | Noticed a water moccasin
  1540 | D:3      | Killed a water moccasin
  1541 | D:3      | Reached skill level 3 in Axes
  1541 | D:3      | Reached XP level 6. HP: 28/47 MP: 6/6
  1697 | D:3      | Found a glowing golden altar of the Shining One.
  1894 | D:3      | Found Xigarch's Antique Armour Shop.
  2151 | D:3      | Found a glowing silver altar of Zin.
  2241 | D:4      | Noticed Grinder
  2248 | D:4      | Paralysed by Grinder for 2 turns
  2249 | D:4      | Reached skill level 4 in Axes
  2260 | D:4      | Paralysed by Grinder for 2 turns
  2263 | D:4      | Killed Grinder
  2264 | D:4      | Reached skill level 5 in Axes
  2264 | D:4      | Reached skill level 5 in Shields
  2264 | D:4      | Reached XP level 7. HP: 35/52 MP: 7/7
  2306 | D:4      | Found a transporter.
  2397 | D:4      | Reached * piety under the Shining One
  2457 | D:4      | Found a one-way gate to the infinite horrors of the Abyss.
  2530 | D:4      | Reached XP level 8. HP: 58/58 MP: 8/8
  2672 | D:4      | Found Lgylit's Luxury Loot.
  2682 | D:4      | Reached skill level 6 in Axes
  2887 | D:4      | Found a transporter.
  2927 | D:4      | Noticed Fractals's ghost (novice HuFi)
  2935 | D:5      | Entered Level 5 of the Dungeon
  3184 | D:5      | Reached skill level 7 in Axes
  3216 | D:5      | Identified the +1 spear of the Unliving {freeze, +Blink rF+
                  | Str+4 SInv}
  3569 | D:5      | Identified the +4 rapier of the Allies {vamp, rElec}
  3811 | D:5      | Reached XP level 9. HP: 64/64 MP: 9/9
  3927 | D:6      | Reached skill level 8 in Axes
  4040 | D:6      | Found a staircase to the Ecumenical Temple.
  4244 | D:6      | Reached skill level 9 in Axes
  4396 | D:6      | Found the +7 Throatcutter {drain, coup de grace}
  4396 | D:6      | Reached ** piety under the Shining One
  4525 | Temple   | Entered the Ecumenical Temple
  4598 | Temple   | Reached skill level 10 in Axes
  4756 | D:6      | Reached XP level 10. HP: 57/70 MP: 7/10
  4816 | D:6      | Found an ornate altar of the Wu Jian Council.
  4923 | D:7      | Noticed Pikel
  4956 | D:7      | Killed Pikel
  4957 | D:7      | Reached skill level 11 in Axes
  5287 | D:7      | Found a flagged portal.
  5306 | Bailey   | Entered a bailey
  5381 | Bailey   | HP: 3/70 [ogre/+0 glaive (19)]
  5624 | Bailey   | Noticed a two-headed ogre
  5642 | Bailey   | Killed a two-headed ogre
  5643 | Bailey   | Reached skill level 12 in Axes
  5784 | Bailey   | Reached XP level 11. HP: 66/75 MP: 11/11
  6684 | D:8      | Reached skill level 1 in Dodging
  6701 | D:8      | Identified the +11 quarterstaff of Heramill {venom, Will+
                  | Str+4}
  6770 | D:8      | Found a runed translucent door.
  6823 | D:8      | Reached skill level 10 in Shields
  6859 | D:8      | HP: 3/77 [orc warrior/+0 battleaxe (12)]
  7184 | D:8      | Identified the +0 quarterstaff "Fisev" {holy, rN+}
  7212 | D:8      | Found a radiant altar of Vehumet.
  7242 | D:8      | Reached skill level 13 in Axes
  7248 | D:8      | Reached *** piety under the Shining One
  7763 | D:9      | Found a snail-covered altar of Cheibriados.
  7763 | D:9      | Found a basalt altar of Yredelemnul.
  7938 | D:9      | Found The Oracle's Delphic Readings.
  8114 | D:9      | Reached **** piety under the Shining One
  8241 | D:9      | Found a shimmering altar of Xom.
  8567 | D:9      | Found Qisy's Book Emporium.
  8569 | D:9      | Noticed a two-headed ogre
  8580 | D:9      | Killed a two-headed ogre
  8700 | D:9      | Found a hide-covered altar of Uskayaw.
  8828 | D:10     | Entered Level 10 of the Dungeon
  8828 | D:10     | Found Biomma's Armour Emporium.
  8828 | D:10     | Found a staircase to the Orcish Mines.
  8953 | D:10     | Bought a +0 plate armour for 276 gold pieces
  9018 | D:10     | Noticed a two-headed ogre
  9032 | D:10     | Killed a two-headed ogre
  9033 | D:10     | Reached skill level 5 in Fighting
  9033 | D:10     | Reached skill level 5 in Armour
  9033 | D:10     | Reached XP level 12. HP: 81/86 MP: 12/12
  9285 | D:10     | Reached skill level 1 in Throwing
  9651 | D:10     | Found a staircase to the Lair.
  9720 | Lair:1   | Entered Level 1 of the Lair of Beasts
  9886 | Lair:1   | Reached skill level 14 in Axes
 10842 | Lair:2   | Noticed Nergalle
 10866 | Lair:2   | Killed Nergalle
 11175 | Lair:2   | Noticed Maggie
 11185 | Lair:2   | Killed Maggie
 11973 | Lair:3   | Found a staircase to the Swamp.
 11995 | Lair:3   | Reached XP level 13. HP: 90/93 MP: 13/13
 12292 | Lair:3   | You fall into a shaft and drop 2 floors!
 12292 | Lair:5   | Entered Level 5 of the Lair of Beasts
 12299 | Lair:5   | Noticed an eight-headed hydra
 12317 | Lair:5   | Slain by a 12-headed hydra

Illustrated notes

Levels and vault maps discovered:
D:1:      dpeg_arrival_simpleton_a, layout_rooms, minmay_split_cup_small
D:2:      layout_rooms, basic_altar, minmay_domino_4
D:3:      layout_basic, zin_treasury, lemuel_doored_altar, serial_bayou,
          serial_bayou_shore_a, serial_bayou_pond_d, serial_bayou_pond_b,
          serial_bayou_shore_b, serial_bayou_pond_d, serial_bayou_lake_a,
          serial_shops, nicolae_lakefront_shop, fountainhead,
          minmay_pentomino_pile
D:4:      layout_rooms, gammafunk_ghost_abyssal_escape, nicolae_alphabet_shops,
          uniq_grinder
D:5:      layout_loops_ring, minmay_starry_boxes
D:6:      layout_cave_pools, nicolae_wu_jian_wuxing_cycle,
          minmay_temple_entry_overgrown, serial_column_ruins,
          column_ruins_hut_pillars, column_ruins_grid_2, column_ruins_grid_4,
          column_ruins_open_tiny, column_ruins_grid_1,
          column_ruins_columns_straight, column_ruins_columns_straight,
          dilly_guarded_unrand_throatcut
D:7:      layout_basic, enter_bailey_5, serial_bayou_pond_d,
          minmay_misc_feat_columns, uniq_pikel
D:8:      layout_basic, fiery_altar_vehumet, lightli_church_of_beogh
D:9:      layout_roguey, gammafunk_temple_overflow_statue,
          mainiacjoe_overflow_alcove_4, overflow_temple_1_default, serial_shops,
          kennysheep_mini_moat, nicolae_nh_oracle_at_delphi
D:10:     layout_gridville, grunt_lair_entry_orc_guard_hut, orc_david_3,
          dreamdust_princess_corridor
Temple:   nicolae_temple_bog_church
Lair:1:   layout_small_grid, grunt_megastairs_4, lemuel_fruit_fields
Lair:2:   layout_regular_city, grunt_megastairs_3, uniq_maggie, uniq_nergalle
Lair:3:   layout_misc_corridors, minmay_swamp_entry_reptiles,
          nicolae_snake_entry_squirm, serial_bayou_lagoon_a
Lair:5:   cheibrodos_lair_end_hotspot, layout_regular_city, slime_entry_1,
          ebering_ghost_inner_flame, bobbens_ice_dragon_lair

Skill      XL: |  1  2  3  4  5  6  7  8  9 10 11 12 |
---------------+-------------------------------------+-----
Axes           | 1 3 5 7 10 12 13 14 | 14.5
Shields        | 4 5 6 8 9 10 11 | 11.1
Dodging        | 3 4 |  4.5
Fighting       | 5 6 |  6.4
Armour         | 5 6 |  6.4
Throwing       | 3 |  3.5
Long Blades    | |  2.6

Action                     |  1- 3 |  4- 6 |  7- 9 | 10-12 | 13-15 || total
---------------------------+-------+-------+-------+-------+-------++-------
  Melee: Long sword        |    89 |    24 |       |       |       ||   113
         Hand axe          |       |    89 |   238 |   773 |    40 ||  1140
  Throw: Dart              |       |       |     2 |     8 |       ||    10
         Javelin           |       |       |       |    10 |       ||    10
 Invoke: Divine Shield     |       |       |     1 |     3 |     1 ||     5
    Use: Scroll            |       |       |     8 |    13 |       ||    21
         Potion            |       |       |     1 |     5 |     2 ||     8
 Armour: Scale mail        |    57 |    35 |       |       |       ||    92
         Chain mail        |       |    13 |    94 |    75 |       ||   182
         Plate armour      |       |       |       |    72 |    28 ||   100
  Dodge: Dodged            |    47 |    22 |    84 |   112 |    10 ||   275
  Block: Buckler           |    21 |       |       |       |       ||    21
         Kite shield       |       |    59 |   135 |   469 |    40 ||   703
         Reflection        |       |       |       |    10 |       ||    10
